[ AOE2 MATCH · #505904265 ]
UnrankedFranks vs Armenians
Player's team · LOSS
[ REPLAY ANALYSIS · EXTRACTED FROM THE RECORDED GAME ]
Feudal
8:59
Castle
24:28
Imperial
41:17
| APM avg | 34.9 |
| APM peak | 68 |
| eAPM avg | 16.0 |
| Villagers / military | 113 / 179 |
Focus
⚔️ 39.4% · 🌾 60.6%
Skirmisher ×61 · Knight ×60 · Scorpion ×15 · Scout Cavalry ×11 · Militia ×10 · Trebuchet (Packed) ×10
Feudal
13:43
Castle
21:49
Imperial
33:43
| APM avg | 45.9 |
| APM peak | 119 |
| eAPM avg | 26.1 |
| Villagers / military | 85 / 168 |
Focus
⚔️ 62.3% · 🌾 37.7%
Scout Cavalry ×41 · Archer ×40 · Militia ×39 · Spearman ×37 · Monk ×4 · Trebuchet (Packed) ×4
Match map
Initial resources + every placement click. Lines = walls · curves = elevation contours. ◆ gold · ⬟ stone · ● berries · ✦ relic · ◌ wall gap
Your base· ✓ Closed at 24:28 · 44t walls · 2 gate(s)
jojomayer's base· ✓ Closed at 21:49 · 78t walls · 1 gate(s)
Smoothed initial terrain · ◌ = detected wall gap · hover for details
Inputs per minute
— [RZ] HardZeeiRa-BR - - jojomayer
Build order — [RZ] HardZeeiRa-BR
First 150 of 417 actions detected
| 0:01 | Queue | Villager (Male) |
| 0:02 | Queue | Villager (Male) |
| 0:02 | Queue | Villager (Male) |
| 0:02 | Queue | Villager (Male) |
| 0:02 | Queue | Villager (Male) |
| 0:02 | Queue | Villager (Male) |
| 0:04 | Build | House |
| 0:06 | Build | House |
| 1:26 | Build | Mill |
| 1:34 | Queue | Villager (Male) |
| 1:34 | Queue | Villager (Male) |
| 1:53 | Queue | Villager (Male) |
| 1:53 | Queue | Villager (Male) |
| 2:33 | Queue | Villager (Male) |
| 2:33 | Queue | Villager (Male) |
| 2:34 | Queue | Villager (Male) |
| 3:04 | Queue | Villager (Male) |
| 3:04 | Queue | Villager (Male) |
| 3:15 | Queue | Villager (Male) |
| 3:15 | Queue | Villager (Male) |
| 3:32 | Build | House |
| 3:34 | Queue | Villager (Male) |
| 3:34 | Queue | Villager (Male) |
| 3:37 | Queue | Villager (Male) |
| 3:37 | Queue | Villager (Male) |
| 3:37 | Queue | Villager (Male) |
| 4:19 | Queue | Villager (Male) |
| 4:20 | Queue | Villager (Male) |
| 4:20 | Queue | Villager (Male) |
| 4:22 | Queue | Villager (Male) |
| 4:22 | Queue | Villager (Male) |
| 4:23 | Queue | Villager (Male) |
| 4:23 | Queue | Villager (Male) |
| 4:43 | Queue | Villager (Male) |
| 4:44 | Queue | Villager (Male) |
| 5:16 | Build | Lumber Camp |
| 5:37 | Research | Loom |
| 6:46 | Research | Feudal Age |
| 7:29 | Build | Lumber Camp |
| 8:11 | Build | House |
| 8:41 | Build | Barracks |
| 8:59 | Age | Feudal Age |
| 9:02 | Queue | Villager (Male) |
| 9:02 | Queue | Villager (Male) |
| 9:02 | Queue | Villager (Male) |
| 9:28 | Build | House |
| 9:38 | Queue | Villager (Male) |
| 9:39 | Queue | Villager (Male) |
| 9:58 | Build | Stable |
| 10:16 | Build | Farm |
| 10:50 | Build | Mill |
| 11:03 | Queue | Scout Cavalry |
| 11:03 | Queue | Scout Cavalry |
| 11:03 | Queue | Scout Cavalry |
| 11:03 | Queue | Scout Cavalry |
| 11:04 | Queue | Scout Cavalry |
| 11:10 | Queue | Militia |
| 11:10 | Queue | Militia |
| 11:34 | Build | Palisade Wall |
| 11:39 | Build | Palisade Wall |
| 11:40 | Build | Palisade Wall |
| 11:47 | Build | Palisade Wall |
| 11:53 | Build | Palisade Wall |
| 12:05 | Build | Palisade Wall |
| 12:15 | Build | House |
| 12:17 | Build | Palisade Wall |
| 12:19 | Build | Palisade Wall |
| 12:27 | Queue | Villager (Male) |
| 12:27 | Queue | Villager (Male) |
| 12:28 | Queue | Villager (Male) |
| 12:31 | Build | Farm |
| 12:31 | Build | Farm |
| 12:32 | Build | Farm |
| 12:48 | Build | Farm |
| 12:48 | Build | Farm |
| 12:54 | Build | Palisade Wall |
| 13:00 | Build | Farm |
| 13:00 | Build | Farm |
| 13:00 | Build | Farm |
| 13:22 | Build | Farm |
| 13:22 | Build | Farm |
| 13:23 | Build | Farm |
| 13:33 | Build | House |
| 13:42 | Build | House |
| 14:02 | Build | Palisade Wall |
| 14:25 | Queue | Villager (Male) |
| 14:25 | Queue | Villager (Male) |
| 14:33 | Build | Palisade Wall |
| 14:52 | Build | House |
| 15:02 | Build | Farm |
| 15:05 | Build | Mining Camp |
| 15:32 | Build | Palisade Gate |
| 16:00 | Build | Farm |
| 16:09 | Queue | Villager (Male) |
| 16:10 | Queue | Villager (Male) |
| 16:10 | Queue | Villager (Male) |
| 16:14 | Research | Man-at-Arms (upgrade) |
| 17:00 | Queue | Militia |
| 17:00 | Queue | Militia |
| 17:05 | Queue | Militia |
| 17:05 | Queue | Militia |
| 17:05 | Queue | Militia |
| 17:18 | Build | House |
| 17:36 | Queue | Militia |
| 17:36 | Queue | Militia |
| 17:36 | Queue | Militia |
| 17:38 | Queue | Villager (Male) |
| 17:38 | Queue | Villager (Male) |
| 17:58 | Queue | Villager (Male) |
| 18:00 | Research | Double-Bit Axe |
| 18:11 | Queue | Villager (Male) |
| 18:11 | Queue | Villager (Male) |
| 18:11 | Queue | Villager (Male) |
| 18:43 | Queue | Villager (Male) |
| 18:44 | Queue | Villager (Male) |
| 19:36 | Build | Blacksmith |
| 19:41 | Build | House |
| 19:42 | Build | House |
| 20:01 | Queue | Villager (Male) |
| 20:01 | Queue | Villager (Male) |
| 20:09 | Research | Wheelbarrow |
| 20:36 | Build | Archery Range |
| 21:11 | Build | Watch Tower |
| 21:13 | Queue | Skirmisher |
| 21:13 | Queue | Skirmisher |
| 21:13 | Queue | Skirmisher |
| 21:28 | Build | Farm |
| 21:28 | Build | Farm |
| 21:29 | Build | Farm |
| 21:29 | Build | Farm |
| 21:38 | Research | Castle Age |
| 21:47 | Research | Fletching |
| 22:02 | Queue | Skirmisher |
| 22:02 | Queue | Skirmisher |
| 22:02 | Queue | Skirmisher |
| 22:02 | Queue | Skirmisher |
| 22:31 | Build | Stable |
| 22:35 | Research | Scale Barding Armor |
| 23:02 | Research | Gold Mining |
| 23:15 | Build | Palisade Wall |
| 23:23 | Build | Palisade Wall |
| 23:25 | Build | Palisade Wall |
| 23:32 | Build | Palisade Gate |
| 23:43 | Research | Forging |
| 24:24 | Queue | Skirmisher |
| 24:24 | Queue | Skirmisher |
| 24:25 | Queue | Skirmisher |
| 24:25 | Queue | Skirmisher |
| 24:28 | Age | Castle Age |
| 24:30 | Queue | Knight |
Build order — jojomayer
First 150 of 435 actions detected
| 0:01 | Queue | Villager (Male) |
| 0:02 | Build | House |
| 0:03 | Build | House |
| 0:18 | Queue | Villager (Male) |
| 0:19 | Queue | Villager (Male) |
| 0:35 | Queue | Villager (Male) |
| 0:35 | Queue | Villager (Male) |
| 1:32 | Queue | Villager (Male) |
| 1:33 | Queue | Villager (Male) |
| 1:52 | Build | Mule Cart |
| 1:58 | Queue | Villager (Male) |
| 1:58 | Queue | Villager (Male) |
| 2:26 | Queue | Villager (Male) |
| 2:42 | Queue | Villager (Male) |
| 2:43 | Queue | Villager (Male) |
| 3:09 | Queue | Villager (Male) |
| 3:25 | Build | House |
| 3:33 | Queue | Villager (Male) |
| 4:03 | Queue | Villager (Male) |
| 4:23 | Queue | Villager (Male) |
| 4:56 | Queue | Villager (Male) |
| 5:03 | Build | House |
| 5:19 | Queue | Villager (Male) |
| 5:36 | Build | Barracks |
| 5:51 | Queue | Villager (Male) |
| 5:57 | Queue | Villager (Male) |
| 6:05 | Build | House |
| 6:27 | Queue | Villager (Male) |
| 6:44 | Queue | Spearman |
| 6:55 | Queue | Villager (Male) |
| 6:58 | Build | House |
| 7:08 | Queue | Spearman |
| 7:25 | Queue | Villager (Male) |
| 7:33 | Queue | Spearman |
| 7:48 | Research | Loom |
| 8:12 | Queue | Villager (Male) |
| 8:14 | Build | Mill |
| 8:34 | Build | Palisade Wall |
| 8:38 | Build | Palisade Wall |
| 8:39 | Build | Palisade Wall |
| 8:45 | Queue | Villager (Male) |
| 9:10 | Queue | Villager (Male) |
| 9:36 | Queue | Villager (Male) |
| 9:45 | Queue | Spearman |
| 9:53 | Build | Farm |
| 9:59 | Build | Farm |
| 10:01 | Queue | Villager (Male) |
| 10:07 | Build | House |
| 10:08 | Build | Palisade Wall |
| 10:18 | Build | House |
| 10:23 | Queue | Villager (Male) |
| 10:30 | Queue | Spearman |
| 10:59 | Queue | Villager (Male) |
| 11:05 | Build | Palisade Wall |
| 11:33 | Research | Feudal Age |
| 11:33 | Research | Feudal Age |
| 11:35 | Build | House |
| 11:39 | Queue | Spearman |
| 12:02 | Build | Palisade Wall |
| 12:20 | Build | Palisade Wall |
| 12:22 | Build | Palisade Wall |
| 12:46 | Build | House |
| 12:47 | Build | Palisade Wall |
| 12:49 | Build | Palisade Wall |
| 12:58 | Build | Mule Cart |
| 13:11 | Build | Farm |
| 13:13 | Build | Farm |
| 13:15 | Build | Farm |
| 13:17 | Queue | Villager (Male) |
| 13:24 | Queue | Spearman |
| 13:43 | Age | Feudal Age |
| 13:47 | Research | Pikeman (upgrade) |
| 14:19 | Queue | Villager (Male) |
| 14:26 | Build | Blacksmith |
| 14:33 | Build | House |
| 14:35 | Build | Palisade Wall |
| 14:40 | Queue | Villager (Male) |
| 14:42 | Build | House |
| 14:44 | Build | Palisade Wall |
| 15:06 | Queue | Villager (Male) |
| 15:23 | Build | Farm |
| 15:24 | Queue | Villager (Male) |
| 15:45 | Queue | Villager (Male) |
| 15:46 | Build | Farm |
| 15:52 | Build | Archery Range |
| 15:57 | Build | Mule Cart |
| 16:05 | Build | Palisade Wall |
| 16:07 | Build | Farm |
| 16:15 | Queue | Villager (Male) |
| 16:34 | Build | House |
| 16:48 | Queue | Villager (Male) |
| 16:55 | Build | Farm |
| 17:12 | Build | House |
| 17:13 | Build | Market |
| 17:20 | Build | Farm |
| 17:23 | Queue | Villager (Male) |
| 17:26 | Queue | Archer |
| 17:26 | Queue | Archer |
| 17:35 | Build | House |
| 17:39 | Queue | Villager (Male) |
| 17:55 | Build | Farm |
| 18:06 | Queue | Archer |
| 18:07 | Build | House |
| 18:08 | Build | House |
| 18:11 | Queue | Villager (Male) |
| 18:21 | Build | Farm |
| 18:29 | Build | House |
| 18:40 | Queue | Archer |
| 18:42 | Build | Archery Range |
| 18:44 | Queue | Villager (Male) |
| 18:45 | Build | Farm |
| 19:05 | Research | Castle Age |
| 19:16 | Build | House |
| 19:22 | Build | Palisade Wall |
| 19:37 | Research | Double-Bit Axe |
| 19:45 | Build | Farm |
| 19:52 | Build | Farm |
| 19:57 | Build | House |
| 19:58 | Build | Palisade Wall |
| 20:10 | Queue | Archer |
| 20:24 | Research | Fletching |
| 20:24 | Research | Fletching |
| 21:01 | Queue | Villager (Male) |
| 21:04 | Queue | Archer |
| 21:07 | Build | Farm |
| 21:19 | Build | Palisade Wall |
| 21:23 | Queue | Archer |
| 21:25 | Queue | Spearman |
| 21:32 | Build | Palisade Gate |
| 21:38 | Research | Gold Mining |
| 21:38 | Research | Gold Mining |
| 21:41 | Research | Horse Collar |
| 21:41 | Research | Horse Collar |
| 21:49 | Age | Castle Age |
| 21:58 | Queue | Villager (Male) |
| 22:02 | Build | Town Center |
| 22:16 | Build | Town Center |
| 22:22 | Build | Monastery |
| 22:24 | Queue | Villager (Male) |
| 22:30 | Research | Crossbowman (upgrade) |
| 22:33 | Queue | Villager (Male) |
| 22:36 | Research | Bow Saw |
| 22:46 | Queue | Skirmisher |
| 23:04 | Queue | Spearman |
| 23:07 | Build | Farm |
| 23:09 | Build | Farm |
| 23:12 | Research | Town Watch |
| 23:16 | Queue | Archer |
| 23:18 | Queue | Archer |
| 23:31 | Queue | Spearman |
Match timeline
| 5:36 | jojomayer · first_building Barracks |
| 8:34 | jojomayer · wall_segment Palisade Wall x9 |
| 8:38 | jojomayer · wall_segment Palisade Wall x8 |
| 8:39 | jojomayer · wall_segment Palisade Wall x3 |
| 8:41 | [RZ] HardZeeiRa-BR · first_building Barracks |
| 8:59 | [RZ] HardZeeiRa-BR · age_up feudal |
| 9:58 | [RZ] HardZeeiRa-BR · first_building Stable |
| 10:08 | jojomayer · wall_segment Palisade Wall x14 |
| 11:05 | jojomayer · wall_segment Palisade Wall x2 |
| 11:34 | [RZ] HardZeeiRa-BR · wall_segment Palisade Wall x1 |
| 11:39 | [RZ] HardZeeiRa-BR · wall_segment Palisade Wall x1 |
| 11:40 | [RZ] HardZeeiRa-BR · wall_segment Palisade Wall x1 |
| 11:47 | [RZ] HardZeeiRa-BR · wall_segment Palisade Wall x1 |
| 11:53 | [RZ] HardZeeiRa-BR · wall_segment Palisade Wall x1 |
| 12:02 | jojomayer · wall_segment Palisade Wall x4 |
| 12:05 | [RZ] HardZeeiRa-BR · wall_segment Palisade Wall x1 |
| 12:17 | [RZ] HardZeeiRa-BR · wall_segment Palisade Wall x8 |
| 12:19 | [RZ] HardZeeiRa-BR · wall_segment Palisade Wall x6 |
| 12:20 | jojomayer · wall_segment Palisade Wall x10 |
| 12:22 | jojomayer · wall_segment Palisade Wall x9 |
| 12:47 | jojomayer · wall_segment Palisade Wall x11 |
| 12:49 | jojomayer · wall_segment Palisade Wall x1 |
| 12:54 | [RZ] HardZeeiRa-BR · wall_segment Palisade Wall x1 |
| 13:43 | jojomayer · age_up feudal |
| 14:02 | [RZ] HardZeeiRa-BR · wall_segment Palisade Wall x1 |
| 14:33 | [RZ] HardZeeiRa-BR · wall_segment Palisade Wall x12 |
| 14:35 | jojomayer · wall_segment Palisade Wall x1 |
| 14:44 | jojomayer · wall_segment Palisade Wall x1 |
| 15:52 | jojomayer · first_building Archery Range |
| 16:05 | jojomayer · wall_segment Palisade Wall x8 |
| 19:22 | jojomayer · wall_segment Palisade Wall x1 |
| 19:58 | jojomayer · wall_segment Palisade Wall x2 |
| 20:36 | [RZ] HardZeeiRa-BR · first_building Archery Range |
| 21:19 | jojomayer · wall_segment Palisade Wall x1 |
| 21:49 | jojomayer · age_up castle |
| 22:22 | jojomayer · first_building Monastery |
| 23:15 | [RZ] HardZeeiRa-BR · wall_segment Palisade Wall x1 |
| 23:23 | [RZ] HardZeeiRa-BR · wall_segment Palisade Wall x8 |
| 23:25 | [RZ] HardZeeiRa-BR · wall_segment Palisade Wall x3 |
| 24:28 | [RZ] HardZeeiRa-BR · age_up castle |
| 25:15 | [RZ] HardZeeiRa-BR · first_building Siege Workshop |
| 28:31 | [RZ] HardZeeiRa-BR · first_building Monastery |
| 30:52 | jojomayer · first_building Siege Workshop |
| 33:43 | jojomayer · age_up imperial |
| 35:16 | [RZ] HardZeeiRa-BR · first_market_buy 100 stone |
| 37:56 | jojomayer · first_market_sell 100 wood |
| 37:56 | [RZ] HardZeeiRa-BR · first_market_sell 100 food |
| 38:13 | jojomayer · first_building Stable |
| 40:09 | [RZ] HardZeeiRa-BR · first_building Castle |
| 41:17 | [RZ] HardZeeiRa-BR · age_up imperial |
| 44:53 | jojomayer · first_building Castle |
| 49:59 | [RZ] HardZeeiRa-BR · resign |
[ AI ANALYSIS · 1 CREDIT ]
What really happened in this match?
Wolo.gg analyzes every decision: build order, eco, micro, common mistakes by bracket. Personalized analysis on WhatsApp or Discord in 30 seconds.
Civ guide
Franks
Perfil
Jugador #17057312